Map: Szmaragdowe Miasto ER

Players

Esharell - Winner!

  • Race: Zerg Zerg
  • Spawn Location: 11:00

Legol - Winner!

  • Race: Protoss Protoss
  • League: Gold
  • Spawn Location: 11:00

CovekotX

  • Race: Protoss Protoss
  • Spawn Location: 5:00

Necromancer

  • Race: Protoss Protoss
  • Spawn Location: 5:00

VOD

Have the link to the VOD?

Description

Time

  • Played on: Jan. 3, 2020, 5:45 p.m.
  • Length: 20:16
Show
View Real Time Build Order
Export as new Build Order

Esharell Zerg - Winner!

Build Orders: Hatch First 

Get SALT Encoding   

  12  0:01  Drone  
  13  0:12  Overlord  
  13  0:18  Drone  
  14  0:31  Drone x2  
  16  0:37  Drone  
  17  0:55  Hatchery  
  16  0:59  Drone  
  16  1:00  Drone  
  18  1:14  Spawning Pool  
  18  1:16  Extractor  
  16  1:18  Drone  
  16  1:24  Drone  
  18  1:29  Drone  
  19  1:43  Drone  
  20  1:52  Drone  
  21  2:07  Queen  
  24  2:08  Zergling x2  
  24  2:15  Queen  
  26  2:16  Overlord  
  26  2:17  Drone  
  26  2:20  Drone  
  28  2:34  Drone x3  
  31  2:40  Zergling x2  
  32  2:47  Queen  
  34  2:54  Overlord  
  34  2:55  Drone x2  
  36  3:03  Metabolic Boost  
  36  3:07  Hatchery  
  35  3:23  Lair  
  35  3:35  Drone  
  35  3:36  Drone x8  
  35  3:38  Overlord  
  44  4:00  Drone x3  
  44  4:01  Drone x3, Extractor x2  
  48  4:06  Drone x3  
  48  4:08  Extractor, Pneumatized Carapace  
  50  4:11  Drone x2  
  52  4:18  Spore Crawler  
  52  4:21  Spore Crawler  
  50  4:49  Spine Crawler  
  50  4:51  Hydralisk Den  
  48  4:57  Spine Crawler, Drone x3  
  50  5:02  Overlord  
  50  5:03  Overseer, Overlord x2  
  50  5:14  Drone  
  50  5:15  Drone x7  
  59  5:21  Zergling x8  
  62  5:32  Grooved Spines  
  62  5:36  Overlord  
  62  5:42  Drone x2  
  64  5:43  Drone x7  
  64  5:44  Drone, Extractor  
  64  5:46  Extractor  
  70  5:53  Hydralisk x2  
  74  5:59  Queen  
  74  6:00  Drone x2  
  74  6:01  Drone  
  79  6:05  Overlord x3  
  79  6:10  Overlord x2  
  79  6:25  Hydralisk  
  79  6:26  Hydralisk x8  
  79  6:27  Spore Crawler  
  96  6:37  Queen  
  98  6:44  Muscular Augments, Hatchery  
  97  6:49  Hydralisk  
  97  6:50  Hydralisk x5  
  109  6:55  Overlord x2  
  109  7:02  Evolution Chamber  
  109  7:04  Drone  
  109  7:05  Drone x2  
  109  7:06  Zergling x6, Evolution Chamber  
  109  7:07  Zergling x2  
  114  7:11  Overlord x2  
  114  7:23  Zergling x2  
  114  7:24  Zergling x10  
  120  7:30  Zerg Missile Weapons Level 1  
  120  7:31  Spine Crawler, Zerg Ground Armor Level 1  
  120  7:35  Hydralisk  
  120  7:36  Spore Crawler, Hydralisk  
  119  7:55  Zergling x20  
  117  8:01  Hydralisk x5  
  97  8:07  Hydralisk x2  
  97  8:13  Hydralisk x2  
  101  8:21  Hydralisk x3  
  101  8:26  Hydralisk  
  101  8:27  Hydralisk  
  107  8:30  Hydralisk x2  
  115  8:37  Spire  
  114  8:45  Hydralisk x3  
  114  8:46  Hydralisk  
  122  8:55  Hydralisk  
  122  8:56  Hydralisk x3  
  130  9:10  Hydralisk x5  
  130  9:14  Overseer x2  
  140  9:17  Overlord  
  139  9:37  Hydralisk  
  139  9:38  Hydralisk x6  
  128  9:39  Hydralisk  
  128  9:45  Zergling x2  
  122  9:46  Zergling x8  
  122  9:48  Hydralisk  
  122  9:51  Hydralisk  
  122  9:58  Corruptor  
  122  9:59  Corruptor  
  126  10:09  Corruptor x2  
  126  10:10  Corruptor  
  126  10:13  Zerg Flyer Weapons Level 1  
  132  10:24  Corruptor x3  
  125  10:34  Corruptor x2  
  113  10:54  Corruptor x5  
  107  11:06  Corruptor  
  107  11:07  Corruptor x2  
  107  11:12  Corruptor x2  
  107  11:15  Zergling x4  
  107  11:45  Infestation Pit, Hydralisk x6  
  117  12:08  Zerg Flyer Armor Level 1  
  108  12:23  Hydralisk x6  
  108  12:24  Hydralisk x7  
  106  12:35  Zergling x2  
  106  12:36  Zergling x32  
  121  12:37  Zergling x2  
  103  13:06  Zergling x2  
  103  13:07  Zergling x6  
  103  13:08  Hydralisk x5  
  103  13:09  Hydralisk x4  
  106  13:14  Zergling x2  
  106  13:15  Hydralisk x2  
  99  13:21  Hydralisk x2  
  103  13:28  Hydralisk x3  
  109  13:52  Zergling x2, Hydralisk x6  
  117  13:58  Hydralisk  
  117  13:59  Hydralisk x2  
  109  14:10  Hydralisk x4  
  109  14:14  Zergling x2  
  109  14:15  Zergling x6  
  121  14:19  Zergling x2  
  121  14:20  Zergling x4  
  118  14:33  Queen  
  109  14:39  Hatchery, Hydralisk  
  109  14:40  Hydralisk  
  104  14:57  Hydralisk x4  
  104  14:58  Hydralisk x2  
  102  15:02  Zergling x6  
  100  15:08  Hydralisk x2  
  100  15:11  Zergling x2  
  100  15:12  Zergling x2  
  104  15:29  Zergling x2  
  104  15:30  Zergling x24  
  104  15:33  Zergling x2  
  106  15:48  Drone x3  
  109  15:50  Hydralisk  
  109  15:51  Hydralisk  
  110  15:57  Hydralisk  
  110  15:58  Hydralisk x3  
  114  16:23  Hydralisk  
  114  16:24  Hydralisk x10  
  136  16:54  Hydralisk x3  
  136  16:56  Overlord x3  
  136  17:00  Zerg Missile Weapons Level 2  
  136  17:01  Zerg Ground Armor Level 2  
  142  17:03  Hive  
  142  17:10  Overseer x2  
  142  17:37  Corruptor x6  
  142  17:38  Corruptor x4  
  162  17:49  Overlord x2  
  162  17:50  Overlord x2  
  162  17:58  Extractor  
  161  18:00  Extractor  
  150  18:22  Hydralisk  
  150  18:23  Hydralisk x14  
  120  18:29  Zergling x12  
  122  18:35  Zergling x2  
  122  18:36  Zergling x10  
  122  18:41  Hydralisk x2  
  132  19:03  Drone x3  
  135  19:11  Corruptor  
  137  19:22  Extractor  
  131  19:41  Hydralisk x6  
  131  19:42  Hydralisk  
Show
View Real Time Build Order
Export as new Build Order

Legol Protoss - Winner!

Build Orders: 1 Gate Expand 

Get SALT Encoding   

  12  0:01  Probe  
  13  0:13  Probe  
  14  0:18  Pylon  
  14  0:25  Probe  
  15  0:37  Probe (Chrono Boost)  
  15  0:38  Gateway  
  16  0:49  Probe (Chrono Boost), Assimilator  
  17  1:06  Probe  
  19  1:18  Probe  
  19  1:26  Nexus  
  19  1:44  Cybernetics Core  
  19  1:46  Pylon  
  19  1:55  Probe (Chrono Boost)  
  20  2:04  Assimilator  
  20  2:06  Probe (Chrono Boost)  
  21  2:11  Probe (Chrono Boost)  
  22  2:20  Stalker  
  22  2:22  Probe (Chrono Boost), Warp Gate  
  25  2:34  Probe (Chrono Boost)  
  26  2:41  Probe (Chrono Boost)  
  26  2:43  Probe (Chrono Boost)  
  28  2:48  Probe  
  29  2:54  Probe  
  29  2:55  Gateway  
  30  3:00  Probe  
  30  3:05  Stalker  
  33  3:06  Probe  
  34  3:13  Pylon, Probe  
  34  3:18  Probe  
  36  3:25  Probe  
  37  3:29  Robotics Facility  
  37  3:30  Probe  
  38  3:38  Probe (Chrono Boost)  
  38  3:39  Stalker  
  41  3:42  Probe (Chrono Boost)  
  41  3:43  Stalker  
  44  3:54  Probe (Chrono Boost)  
  46  3:55  Probe (Chrono Boost)  
  46  3:58  Pylon  
  46  4:00  Probe (Chrono Boost)  
  46  4:02  Probe (Chrono Boost)  
  48  4:07  Gateway  
  48  4:14  Assimilator  
  48  4:20  Assimilator  
  42  4:25  Stalker x2  
  39  4:32  Observer (Chrono Boost)  
  40  4:50  Stalker x2  
  44  5:00  Probe (Chrono Boost)  
  44  5:01  Probe (Chrono Boost)  
  46  5:12  Probe (Chrono Boost)  
  48  5:18  Probe (Chrono Boost)  
  48  5:21  Stalker x2, Probe (Chrono Boost)  
  49  5:22  Stalker  
  49  5:24  Forge  
  49  5:25  Probe (Chrono Boost)  
  49  5:27  Probe  
  57  5:29  Immortal (Chrono Boost)  
  61  5:43  Gateway  
  61  5:47  Pylon, Forge  
  61  5:49  Pylon  
  61  5:58  Probe  
  61  6:02  Protoss Ground Weapons Level 1 (Chrono Boost)  
  62  6:04  Immortal (Chrono Boost)  
  62  6:05  Probe  
  62  6:10  Photon Cannon  
  67  6:13  Photon Cannon  
  67  6:16  Probe  
  67  6:17  Probe  
  69  6:27  Stalker  
  69  6:28  Stalker x2  
  75  6:40  Warp Prism (Chrono Boost)  
  77  6:50  Photon Cannon  
  77  6:53  Photon Cannon  
  77  7:03  Pylon  
  77  7:07  Pylon  
  77  7:09  Pylon  
  77  7:11  Pylon  
  77  7:34  Stalker x4  
  85  8:06  Stalker x2  
  85  8:07  Stalker x2  
  67  8:26  Gateway  
  67  8:27  Gateway  
  67  8:29  Stalker, Gateway  
  67  8:30  Stalker x2  
  67  8:31  Stalker, Gateway  
  67  8:56  Stalker x2  
  67  8:57  Stalker x2  
  67  8:59  Immortal (Chrono Boost)  
  79  9:03  Protoss Ground Armor Level 1 (Chrono Boost)  
  79  9:21  Stalker x3  
  79  9:22  Stalker x3  
  91  9:28  Stalker x2  
  85  9:49  Stalker x3  
  85  9:50  Stalker x3  
  85  9:51  Stalker  
  87  10:10  Stalker  
  87  10:13  Stalker  
  87  10:14  Stalker x3  
  66  10:44  Stalker  
  66  10:45  Stalker x3  
  66  10:46  Stalker x3  
  70  11:12  Stalker x2  
  70  11:13  Stalker x4  
  52  11:50  Stalker x4  
  52  11:51  Stalker x3  
  52  12:21  Stalker  
  52  12:22  Stalker x4  
  62  12:51  Stalker  
  62  12:52  Stalker x4  
  62  13:29  Stalker x2  
  62  13:30  Stalker x4  
  74  13:40  Warp Prism  
  64  14:22  Stalker x2  
  64  14:23  Stalker x4  
  64  15:09  Stalker x2  
  64  15:10  Stalker x4  
  72  15:38  Stalker x3  
  66  16:13  Stalker x4  
  74  16:41  Stalker x2  
  74  17:28  Nexus  
  74  18:02  Assimilator  
  74  18:06  Assimilator  
  58  18:42  Stalker  
  60  19:48  Stalker x3  
  60  19:49  Stalker x5  
Show
View Real Time Build Order
Export as new Build Order

CovekotX Protoss 

Build Orders: Colossus Rush 

Get SALT Encoding   

  12  0:01  Probe  
  13  0:19  Pylon  
  14  0:21  Probe  
  14  0:34  Probe  
  15  0:41  Gateway  
  15  0:57  Pylon  
  15  1:03  Probe  
  16  1:06  Assimilator  
  16  1:10  Pylon  
  16  1:13  Assimilator  
  16  1:15  Probe  
  17  1:27  Probe  
  18  1:33  Cybernetics Core  
  18  1:39  Probe  
  19  1:51  Probe  
  19  1:52  Forge  
  20  2:07  Gateway  
  20  2:12  Warp Gate  
  20  2:15  Probe  
  21  2:27  Probe  
  21  2:28  Photon Cannon  
  22  2:35  Photon Cannon  
  22  2:45  Pylon  
  22  2:54  Probe  
  22  2:57  Pylon  
  23  3:04  Robotics Facility  
  23  3:06  Probe  
  23  3:11  Gateway  
  24  3:22  Twilight Council  
  24  3:50  Nexus  
  24  3:59  Shield Battery  
  24  4:08  Photon Cannon  
  24  4:12  Charge  
  24  4:30  Robotics Bay  
  24  4:44  Pylon  
  24  4:55  Probe  
  25  5:04  Probe (Chrono Boost)  
  26  5:08  Probe (Chrono Boost)  
  27  5:16  Colossus (Chrono Boost), Probe (Chrono Boost)  
  27  5:20  Probe (Chrono Boost)  
  35  5:23  Extended Thermal Lance (Chrono Boost), Probe (Chrono Boost)  
  35  5:25  Probe (Chrono Boost)  
  37  5:31  Probe  
  37  5:34  Probe  
  37  5:35  Protoss Ground Weapons Level 1 (Chrono Boost)  
  39  5:43  Probe  
  39  5:46  Probe  
  41  5:55  Probe, Assimilator  
  42  5:58  Probe  
  42  5:59  Assimilator  
  43  6:04  Photon Cannon  
  43  6:07  Probe  
  43  6:08  Observer  
  43  6:10  Probe  
  46  6:13  Stalker  
  46  6:14  Stalker  
  50  6:19  Probe  
  51  6:29  Nexus  
  51  6:31  Probe x2  
  53  6:43  Probe x2  
  53  6:46  Gravitic Boosters  
  55  6:49  Robotics Facility  
  55  6:55  Pylon  
  55  6:56  Colossus (Chrono Boost)  
  55  6:57  Pylon  
  61  7:03  Probe  
  61  7:09  Zealot x2  
  61  7:13  Zealot  
  67  7:30  Gateway x2  
  67  7:33  Gateway, Zealot  
  67  7:34  Zealot  
  71  7:39  Zealot  
  59  8:00  Zealot x3  
  51  8:22  Zealot  
  51  8:23  Zealot x2  
  57  8:27  Zealot x2  
  57  8:28  Zealot  
  57  8:30  Colossus x2 (Chrono Boost)  
  71  8:48  Zealot x3  
  71  8:49  Zealot x3  
  81  8:57  Protoss Ground Weapons Level 2  
  81  9:22  Templar Archives  
  81  9:26  Gateway  
  81  9:28  Gateway  
  63  9:52  Zealot x5  
  65  9:53  Zealot  
  57  10:13  Zealot x2  
  57  10:14  Zealot x4  
  63  10:19  Colossus (Chrono Boost)  
  63  10:20  Colossus (Chrono Boost)  
  69  10:32  Zealot x2  
  63  10:57  Zealot x4  
  63  10:58  Zealot x4  
  54  11:32  High Templar x2  
  50  11:33  High Templar x6  
  50  11:37  Archon x4  
  48  12:35  Colossus x2  
  48  12:36  Zealot  
  48  12:37  Zealot x6  
  64  12:38  Zealot  
  44  13:20  Zealot x5  
  44  13:24  High Templar x2  
  58  13:28  Warp Prism, Archon  
  50  14:08  Colossus  
  50  14:09  Colossus  
  50  14:53  Zealot x3  
  50  14:54  Zealot x2  
  50  15:18  High Templar  
  50  15:19  High Templar x4  
  60  15:23  Archon x2  
  32  15:52  High Templar x4  
  32  15:56  High Templar  
  42  16:03  Psionic Storm  
  42  16:54  Colossus (Chrono Boost)  
  42  16:57  Colossus (Chrono Boost)  
  54  17:11  Zealot x3  
  54  17:12  Zealot x2  
  64  17:26  Zealot x2  
  68  17:32  Zealot  
  70  17:48  Observer  
  55  18:33  Archon  
  33  18:45  High Templar  
  33  18:46  High Templar x2  
  33  18:47  Zealot x4  
  33  18:48  Zealot  
  49  19:09  Zealot x4  
  57  19:12  High Templar  
  40  19:39  Archon x2  
Show
View Real Time Build Order
Export as new Build Order

Necromancer Protoss 

Build Orders: Oracle Opening 

Get SALT Encoding   

  12  0:01  Probe (Chrono Boost)  
  13  0:10  Probe (Chrono Boost)  
  14  0:18  Pylon  
  14  0:22  Probe  
  15  0:36  Probe  
  15  0:40  Gateway  
  16  0:49  Probe  
  17  0:56  Assimilator  
  17  0:59  Assimilator  
  17  1:01  Probe (Chrono Boost)  
  19  1:12  Probe (Chrono Boost)  
  19  1:16  Probe (Chrono Boost)  
  20  1:27  Probe  
  21  1:33  Cybernetics Core  
  21  1:36  Forge  
  21  1:43  Probe  
  22  1:49  Pylon  
  22  1:55  Probe  
  23  2:13  Stargate  
  23  2:19  Stargate  
  23  2:21  Probe  
  24  2:31  Photon Cannon  
  24  2:43  Photon Cannon  
  23  3:08  Shield Battery  
  23  3:10  Oracle (Chrono Boost)  
  23  3:11  Oracle (Chrono Boost)  
  29  3:36  Nexus  
  29  3:43  Pylon  
  29  3:54  Pylon, Probe  
  30  4:06  Probe  
  31  4:18  Phoenix, Probe  
  31  4:30  Probe (Chrono Boost)  
  32  4:37  Void Ray  
  36  4:42  Probe (Chrono Boost)  
  37  4:48  Pylon  
  37  4:50  Probe (Chrono Boost)  
  38  4:59  Probe (Chrono Boost)  
  39  5:01  Void Ray  
  39  5:02  Probe (Chrono Boost)  
  44  5:13  Probe (Chrono Boost)  
  44  5:14  Probe (Chrono Boost)  
  46  5:16  Assimilator  
  46  5:20  Assimilator  
  47  5:23  Probe (Chrono Boost), Photon Cannon  
  47  5:24  Probe (Chrono Boost)  
  50  5:36  Probe (Chrono Boost)  
  50  5:38  Probe (Chrono Boost)  
  50  5:41  Probe (Chrono Boost), Void Ray  
  55  5:45  Probe  
  56  5:51  Probe  
  57  5:57  Probe  
  57  6:03  Probe  
  59  6:05  Fleet Beacon  
  59  6:09  Probe  
  60  6:15  Probe  
  60  6:17  Phoenix  
  63  6:28  Phoenix  
  65  6:34  Nexus  
  65  6:39  Pylon  
  65  6:41  Pylon  
  65  6:46  Anion Pulse-Crystals (Chrono Boost)  
  65  6:51  Probe x2  
  67  7:03  Void Ray (Chrono Boost)  
  67  7:04  Void Ray (Chrono Boost)  
  75  7:14  Photon Cannon  
  75  7:20  Photon Cannon  
  75  7:31  Shield Battery  
  75  7:35  Pylon  
  75  7:36  Void Ray (Chrono Boost)  
  82  7:46  Void Ray (Chrono Boost)  
  63  8:09  Void Ray (Chrono Boost)  
  55  8:22  Probe x3  
  55  8:23  Void Ray (Chrono Boost)  
  62  8:38  Stargate  
  62  8:40  Stargate  
  62  8:42  Void Ray (Chrono Boost)  
  64  8:57  Photon Cannon  
  64  9:00  Photon Cannon  
  64  9:03  Shield Battery  
  64  9:06  Pylon  
  64  9:10  Carrier (Chrono Boost)  
  64  9:11  Photon Cannon  
  64  9:12  Photon Cannon  
  64  9:17  Carrier (Chrono Boost)  
  70  9:22  Probe x3  
  79  9:32  Photon Cannon  
  79  9:34  Shield Battery  
  77  9:58  Carrier (Chrono Boost)  
  89  10:16  Probe x3  
  89  10:18  Carrier (Chrono Boost)  
  88  10:28  Probe  
  84  11:06  Void Ray (Chrono Boost)  
  84  11:10  Void Ray (Chrono Boost)  
  72  11:15  Void Ray (Chrono Boost)  
  72  11:16  Void Ray (Chrono Boost)  
  76  11:42  Probe x3  
  76  11:43  Void Ray (Chrono Boost)  
  83  11:48  Photon Cannon, Void Ray (Chrono Boost)  
  83  11:51  Void Ray (Chrono Boost)  
  87  11:59  Void Ray (Chrono Boost)  
  87  12:20  Void Ray (Chrono Boost)  
  85  12:27  Void Ray (Chrono Boost)  
  85  12:36  Void Ray (Chrono Boost)  
  85  12:37  Nexus  
  85  12:41  Photon Cannon  
  89  12:54  Void Ray (Chrono Boost)  
  89  12:58  Void Ray (Chrono Boost)  
  73  13:36  Void Ray (Chrono Boost)  
  73  13:38  Assimilator  
  73  13:44  Assimilator  
  73  13:45  Void Ray (Chrono Boost)  
  81  13:48  Pylon  
  81  13:55  Void Ray (Chrono Boost)  
  73  14:16  Void Ray (Chrono Boost)  
  65  14:31  Photon Cannon  
  64  14:43  Void Ray x2 (Chrono Boost)  
  63  15:04  Void Ray x2  
  67  15:11  Pylon  
  67  15:13  Pylon  
  63  15:32  Void Ray x2 (Chrono Boost)  
  67  15:41  Photon Cannon  
  60  16:10  Void Ray (Chrono Boost)  
  45  16:31  Nexus  
  45  16:35  Void Ray (Chrono Boost)  
  48  16:59  Probe x2  
  37  17:11  Probe  
  38  17:19  Void Ray (Chrono Boost)  
  36  17:38  Zealot (Chrono Boost)  
  37  17:52  Nexus  
  37  17:56  Zealot (Chrono Boost)  
  21  18:38  Stalker (Chrono Boost)  
  23  19:00  Stalker (Chrono Boost), Void Ray  
  29  19:12  Phoenix  
  31  19:21  Stalker (Chrono Boost)  
Tags
 
Add a new tag
Caveats
  • Supply blocks, unpowered buildings, or Contaminate may cause inaccurate times.
  • Supply counts are checked every 10 seconds.